 Dungeon Crawl Stone Soup version 0.14.1 (webtiles) character file.

3645 Kae the Arsonist (level 9, -6/45 HPs)
             Began as a Deep Elf Fire Elementalist on Apr 29, 2014.
             Was an Initiate of Vehumet.
             Mangled by a killer bee (8 damage)
             ... on Level 8 of the Dungeon.
             The game lasted 00:17:45 (8411 turns).

Kae the Arsonist (Deep Elf Fire Elementalist)       Turns: 8411, Time: 00:17:46

HP  -6/45        AC  9     Str  7      XL: 9   Next: 72%
MP  29/29        EV 13     Int 22      God: Vehumet [......]
Gold 311         SH  0     Dex 15      Spells:  4 memorised, 15 levels left

rFire  + . .     SeeInvis .     A - +4,+8 shillelagh "Devastator"
rCold  x . .     Clarity  .     a - +0 robe
rNeg   . . .     Conserve .     (no shield)
rPois  .         rCorr    .     J - +0 helmet (curse)
rElec  .         rRot     .     m - +0 cloak (curse)
SustAb . .       Spirit   .     (no gloves)
rMut   .         Warding  .     f - +2 pair of boots (curse)
Saprov . . .     Stasis   .     (no amulet)
MR     .....                    s - ring of fire
                                i - cursed +2 ring of protection

@: lethally poisoned, not resistant to hostile enchantments, fairly stealthy
A: no striking features
a: Renounce Religion


You were on level 8 of the Dungeon.
You worshipped Vehumet.
Vehumet was noncommittal.
You were hungry.

You visited 2 branches of the dungeon, and saw 9 of its levels.
You also visited: Ossuary.

You collected 311 gold pieces.

Inventory:

Hand weapons
 q - a +3,+3 halberd of venom
 y - a +2,+1 whip of freezing
 A - the +4,+8 shillelagh "Devastator" (weapon)
   (You found it on level 4 of the Dungeon)
Missiles
 e - a dart (quivered)
Armour
 a - a +0 robe (worn)
 f - a cursed +2 pair of boots (worn)
 h - a cursed +1 buckler
 m - a cursed +0 cloak (worn)
 J - a cursed +0 helmet (worn)
Magical devices
 w - a wand of frost (12)
 B - a wand of paralysis (15)
Comestibles
 c - 2 bread rations
 H - a pear
Scrolls
 j - 4 scrolls of teleportation
 l - a scroll of enchant armour
 u - 5 scrolls of remove curse
 C - a scroll of enchant weapon I
 D - 2 scrolls of fog
Jewellery
 i - a cursed +2 ring of protection (left hand)
 s - a ring of fire (right hand)
 v - an uncursed ring of sustain abilities {unknown}
Potions
 d - a potion of flight {unknown}
 g - a potion of lignification
 o - 3 potions of curing
 p - 2 potions of might {unknown}
 r - 2 potions of heal wounds {unknown}
 t - a potion of invisibility
 x - a potion of mutation {unknown}
 z - 2 potions of resistance
 E - a potion of restore abilities {unknown}
Books
 b - a book of Flames

   Spells                             Type                      Level
   *Flame Tongue                      Conjuration/Fire             1
   *Throw Flame                       Conjuration/Fire             2
   *Conjure Flame                     Conjuration/Fire             3
   Inner Flame                        Hexes/Fire                   3
   *Sticky Flame                      Conjuration/Fire             4
   Fireball                           Conjuration/Fire             5
 n - a book of Power

   Spells                             Type                      Level
   Fulminant Prism                    Conjuration/Hexes            4
   Iskenderun's Mystic Blast          Conjuration                  4
   Venom Bolt                         Conjuration/Poison           5
   Bolt of Magma                      Conjuration/Fire/Earth       5
   Iron Shot                          Conjuration/Earth            6
   Orb of Destruction                 Conjuration                  7
 F - a book of Changes

   Spells                             Type                      Level
   Beastly Appendage                  Transmutation                1
   Sticks to Snakes                   Transmutation                2
   Spider Form                        Transmutation/Poison         3
   Ice Form                           Ice/Transmutation            4
   Blade Hands                        Transmutation                5
Miscellaneous
 k - a plain deck of war


   Skills:
 - Level 2.4 Dodging
 - Level 2.4 Stealth
 + Level 8.8 Spellcasting
 * Level 9.5 Conjurations
 * Level 10.1 Fire Magic


You had 15 spell levels left.
You knew the following spells:

 Your Spells              Type           Power        Failure   Level  Hunger
a - Flame Tongue          Conj/Fire      #####        1%          1    None
b - Throw Flame           Conj/Fire      ######       1%          2    None
c - Conjure Flame         Conj/Fire      ######..     1%          3    None
d - Sticky Flame          Conj/Fire      ######..     1%          4    ##.....


Dungeon Overview and Level Annotations

Branches:
Dungeon (8/15)             Temple (1/1) D:7
   Lair: D:8-11

Altars:
Ashenzari
Cheibriados
Dithmenos
Elyvilon
Makhleb
Nemelex Xobeh
Okawaru
Sif Muna
Trog
Vehumet
Xom
Yredelemnul
Zin
The Shining One


Message History

The killer bee stings you.
* * * LOW HITPOINT WARNING * * *
Unknown command.
You hit the killer bee.
The killer bees and the goliath beetle shudder.
The goliath beetle is lightly wounded.
The killer bee is moderately wounded.
The killer bee is severely wounded.
The killer bee is almost dead.
* * * LOW HITPOINT WARNING * * *
You feel sick. The killer bee misses you. The killer bee barely misses you.
The killer bee stings you.
* * * LOW HITPOINT WARNING * * *
You are more poisoned.
The killer bee poisons you!
The killer bee stings you but does no damage.
The killer bee barely misses you.
The killer bee stings you but does no damage. x2
The killer bee stings you!
You die...

.............
..............#
.........#.....
...............
.............#...
........<........
.............#...
.......k$.......#
......Bk@........
.......k%........
.............##
..............#
..........##...
.......... ..
########.. ..


You could see a goliath beetle and 3 killer bees.

Vanquished Creatures
  Pikel (D:4)
  Grinder (D:3)
  Edmund (D:5)
  Menkaure (Ossuary)
  4 ice beasts
  A sky beast (D:6)
  4 slaves (D:4)
  4 ogres
  A phantom (D:4)
  3 centaurs
  2 giant frogs (D:6)
  2 scorpions
  4 wights (D:7)
  A quasit (D:6)
  2 crimson imps
  4 hounds
  A giant frog skeleton (D:5)
  A jelly (D:7)
  5 orc wizards
  2 iguanas (D:4)
  3 worker ants
  Ijyb (D:5)
  A big kobold skeleton (D:5)
  An ogre skeleton (D:6)
  Terence (D:3)
  3 mummies (Ossuary)
  6 adders
  9 gnolls
  A shadow imp (D:7)
  A worm zombie (D:5)
  A giant mite (D:6)
  8 worms
  3 giant geckos
  2 oozes
  11 orcs
  2 ball pythons
  11 bats
  A bat skeleton (D:4)
  6 giant cockroaches
  3 gnoll zombies (Ossuary)
  10 goblins
  10 hobgoblins
  19 kobolds
  A giant gecko skeleton (D:6)
  3 giant newts
  3 gnoll skeletons (Ossuary)
  4 goblin skeletons
  2 goblin zombies (Ossuary)
  A hobgoblin skeleton (D:5)
  2 jackals (D:2)
  2 kobold skeletons
  4 kobold zombies
  3 orc skeletons
  An orc zombie (Ossuary)
  A quokka zombie (D:6)
  12 rats
  2 rat skeletons (Ossuary)
  4 rat zombies
  A butterfly (D:6)
205 creatures vanquished.

Vanquished Creatures (others)
  2 gnoll zombies (Ossuary)
  A giant spore (D:6)
  2 gnoll skeletons (Ossuary)
  A goblin skeleton (Ossuary)
  5 goblin zombies (Ossuary)
  6 hobgoblin skeletons (Ossuary)
  A hobgoblin zombie (Ossuary)
  A kobold skeleton (Ossuary)
  5 kobold zombies (Ossuary)
  3 orc skeletons (Ossuary)
  A rat skeleton (Ossuary)
  A rat zombie (Ossuary)
29 creatures vanquished.

Grand Total: 234 creatures vanquished

Notes
Turn   | Place    | Note
--------------------------------------------------------------
     0 | D:1      | Kae, the Deep Elf Fire Elementalist, began the quest for the Orb.
     0 | D:1      | Reached XP level 1. HP: 10/10 MP: 5/5
   284 | D:1      | Reached XP level 2. HP: 15/15 MP: 3/8
   841 | D:2      | Reached XP level 3. HP: 19/19 MP: 8/11
   910 | D:2      | Found a shadowy altar of Dithmenos.
   981 | D:2      | Reached skill level 4 in Fire Magic
  1445 | D:3      | Noticed Grinder
  1445 | D:3      | Paralysed by Grinder for 4 turns
  1453 | D:3      | Paralysed by Grinder for 2 turns
  1800 | D:3      | Reached XP level 4. HP: 22/24 MP: 8/15
  2212 | D:3      | Learned a level 2 spell: Throw Flame
  2216 | D:3      | Learned a level 3 spell: Conjure Flame
  2221 | D:3      | Learned a level 4 spell: Sticky Flame
  2295 | D:3      | Found a sparkling altar of Nemelex Xobeh.
  2295 | D:3      | Noticed Terence
  2299 | D:3      | Killed Terence
  2299 | D:3      | Reached XP level 5. HP: 23/28 MP: 12/18
  2620 | D:3      | Paralysed by Grinder for 6 turns
  2628 | D:3      | Killed Grinder
  2628 | D:3      | Reached skill level 5 in Spellcasting
  2628 | D:3      | Reached skill level 5 in Fire Magic
  2628 | D:3      | Reached XP level 6. HP: 18/32 MP: 9/21
  3316 | D:4      | Reached skill level 5 in Conjurations
  3316 | D:4      | Reached skill level 6 in Fire Magic
  3316 | D:4      | Reached XP level 7. HP: 36/36 MP: 16/23
  3557 | D:4      | Noticed Pikel
  3775 | D:4      | Killed Pikel
  3775 | D:4      | Reached skill level 7 in Fire Magic
  3775 | D:4      | Reached XP level 8. HP: 41/41 MP: 6/25
  4188 | D:5      | Entered Level 5 of the Dungeon
  4348 | D:5      | Found a bloodstained altar of Trog.
  4351 | D:5      | Noticed Ijyb
  4359 | D:5      | Killed Ijyb
  4721 | D:5      | Reached skill level 8 in Fire Magic
  4791 | D:5      | Noticed Edmund
  4801 | D:5      | Killed Edmund
  5470 | D:6      | Found a sand-covered staircase.
  5492 | Ossuary  | Entered an ossuary
  6082 | Ossuary  | Noticed Menkaure
  6082 | Ossuary  | Killed Menkaure
  6191 | D:6      | Reached XP level 9. HP: 45/45 MP: 18/28
  6508 | D:5      | Reached skill level 9 in Fire Magic
  6741 | D:6      | Found a white marble altar of Elyvilon.
  7708 | D:7      | Found a staircase to the Ecumenical Temple.
  7877 | Temple   | Entered the Ecumenical Temple
  8044 | D:7      | Reached skill level 10 in Fire Magic
  8108 | D:7      | Found a radiant altar of Vehumet.
  8121 | D:7      | Became a worshipper of Vehumet
  8411 | D:8      | HP: 2/45 [killer bee (2)]
  8411 | D:8      | Mangled by a killer bee

Action                   |  1- 3 |  4- 6 |  7- 9 || total
-------------------------+-------+-------+-------++-------
Melee: Dagger            |    30 |    68 |    14 ||   112
       Spear             |       |       |    18 ||    18
       Shillelagh        |       |       |    65 ||    65
 Cast: Flame Tongue      |    44 |    84 |   257 ||   385
       Conjure Flame     |       |     2 |    10 ||    12
       Throw Flame       |       |       |    39 ||    39
       Sticky Flame      |       |       |     8 ||     8
Evoke: Wand              |       |       |     1 ||     1
  Use: Scroll            |       |     6 |     9 ||    15
       Potion            |       |       |     2 ||     2
 Stab: Sleeping          |     4 |       |     5 ||     9
